 Dungeon Crawl Stone Soup version 0.24.0-1-gfbc8707 (webtiles) character file.

Game seed: 4310066214192892700, levelgen mode: deterministic

1569 JeffiDaFish the Skirmisher (level 8, -10/53 HPs)
             Began as a Gargoyle Fighter on Oct 27, 2019.
             Was a Follower of Okawaru.
             Mangled by an ice beast (18 damage)
             ... on level 6 of the Dungeon.
             The game lasted 00:09:48 (5536 turns).

JeffiDaFish the Skirmisher (Gargoyle Fighter)       Turns: 5536, Time: 00:09:49

Health: -10/53     AC: 15    Str: 22    XL:     8   Next: 90%
Magic:  8/8        EV:  8    Int:  9    God:    Okawaru [*.....]
Gold:   256        SH: 14    Dex:  9    Spells: 7/7 levels left

rFire    + . .     SeeInvis .   a - +1 flail
rCold    x . .     Gourm    .   c - +0 shield
rNeg     + . .     Faith    .   b - +0 scale mail
rPois    ∞         Spirit   .   (no helmet)
rElec    +         Reflect  +   (no cloak)
rCorr    .         Harm     .   (no gloves)
MR       .....                  g - +1 pair of boots
Stlth    ..........             l - +4 amulet of reflection
HPRegen  0.17/turn              (no ring)
MPRegen  0.11/turn              q - ring of fire

@: very slightly contaminated, studying Dodging
A: negative energy resistance 1, electricity resistance, unbreathing,
petrification resistance, rot immunity, AC +5
a: Heroism, Renounce Religion


You were on level 6 of the Dungeon.
You worshipped Okawaru.
Okawaru was aware of your devotion.
You were not hungry.

You visited 2 branches of the dungeon, and saw 7 of its levels.

You collected 256 gold pieces.

Inventory:

Hand Weapons
 a - a +1 flail (weapon)
 z - a +3 whip
Armour
 b - a +0 scale mail (worn)
 c - a +0 shield (worn)
 g - a +1 pair of boots (worn)
Jewellery
 i - an uncursed ring of protection from fire {unknown}
 l - a +4 amulet of reflection (around neck)
 p - a cursed -2 ring of protection {unknown}
 q - a ring of fire (right hand)
Wands
 o - a wand of digging (5)
 s - a wand of random effects (25)
 w - a wand of iceblast (11)
Scrolls
 e - a scroll of enchant weapon
 h - 2 scrolls of teleportation
 j - a scroll of enchant armour
 m - a scroll of fog
 r - 3 scrolls of identify
 y - a scroll of holy word {unknown}
Potions
 d - a potion of flight
 k - a potion of agility
 n - a potion of heal wounds {unknown}
 v - a potion of curing
Books
 u - a manual of Dodging
Comestibles
 f - 13 rations
 x - 5 chunks of flesh


   Skills:
 * Level 7.6 Fighting
 + Level 4.6 Maces & Flails
 * Level 7.5 Armour
 + Level 1.4 Dodging
 + Level 5.7 Shields


You had 7 spell levels left.
You didn't know any spells.
Your spell library contained the following spells:

 Spells                   Type           Power        Failure   Level  Hunger
 Animate Skeleton         Necr           N/A          97%         1    ##.....
 Apportation              Tloc           #.....       97%         1    ##.....
 Confusing Touch          Hex            #.....       97%         1    ##.....
 Summon Small Mammal      Summ           #...         97%         1    ##.....


Dungeon Overview and Level Annotations

Branches:
Dungeon (6/15)             Temple (1/1) D:4

Altars:
Cheibriados
Dithmenos
Elyvilon
Fedhas
Gozag
Hepliaklqana
Kikubaaqudgha
Makhleb
Nemelex Xobeh
Okawaru
Qazlal
Ru
Uskayaw
Vehumet
Wu Jian
Xom
Yredelemnul
The Shining One

Shops:
D:6 (?


Innate Abilities, Weirdness & Mutations

You are resistant to torment.
Your stone body is resilient. (AC +5)
You are immune to poison.
You resist negative energy. (rN+)
You are resistant to electric shocks. (rElec)
You can survive without breathing.
You are immune to petrification.
You are immune to rotting.


Message History

The orc throws a silver boomerang.
You reflect the silver boomerang off an invisible shield around you!
The silver boomerang hits the orc.
The weapon returns to the orc!
As you read the scroll of teleportation, it crumbles to dust.
You feel strangely unstable.
The orc throws a silver boomerang.
You reflect the silver boomerang off an invisible shield around you!
The silver boomerang hits the orc.
The orc dies!
The weapon returns from whence it came!
Your surroundings suddenly seem different.
The ice beast hits you but does no damage.
A wight comes into view. It is wielding a +0 short sword.
A wight comes into view. It is wielding a +5 flail.
Found 12 gold pieces.
Found an escape hatch in the floor.
An ice beast and 3 wights come into view.
A wight is wielding a +5 hand axe of freezing.
The ice beast hits you.
* * * LOW HITPOINT WARNING * * *
The ice beast freezes you!!
You feel a terrible chill!
You die...

####+ ## ..#∩
#######. ... ###
##.#......
....#..
#######Y#....>..
.......
#zzzz.$z@#
#...##.
#.######## . ##
# ...### #....
#. ##### .## #
... ..#


You could see an ice beast and 5 wights.

Vanquished Creatures
  Grinder (D:5)
  A phantom (D:4)
  An ogre (D:6)
  3 centaurs (D:5)
  A bullfrog (D:6)
  2 scorpions
  A howler monkey (D:6)
  A crimson imp (D:5)
  A quasit (D:5)
  A jelly (D:5)
  A bullfrog zombie (D:5)
  3 orc wizards
  2 hounds
  2 orc priests
  An iguana (D:4)
  5 worker ants
  A hound zombie (D:5)
  4 gnolls (D:2)
  A howler monkey skeleton (D:5)
  6 adders
  3 worms
  5 leopard geckos
  6 orcs
  A giant cockroach (D:3)
  9 goblins
  12 hobgoblins
  11 jackals
  8 kobolds
  2 quokkas
  6 bats
  5 frilled lizards
  7 rats
114 creatures vanquished.

Vanquished Creatures (others)
  A centaur (D:5)
  An orc (D:6)
2 creatures vanquished.

Grand Total: 116 creatures vanquished

Notes
Turn   | Place    | Note
-------+----------+-------------------------------------------
     0 | D:1      | JeffiDaFish the Gargoyle Fighter began the quest for the
                  | Orb.
     0 | D:1      | Reached XP level 1. HP: 14/14 MP: 1/1
   359 | D:1      | Reached XP level 2. HP: 19/19 MP: 2/2
   862 | D:1      | Reached XP level 3. HP: 19/24 MP: 3/3
  2008 | D:2      | Reached XP level 4. HP: 27/29 MP: 4/4
  2995 | D:3      | Reached XP level 5. HP: 34/34 MP: 5/5
  3099 | D:3      | Found a stormy altar of Qazlal.
  3124 | D:3      | Found a hazy altar of Hepliaklqana.
  3124 | D:3      | Found a shadowy altar of Dithmenos.
  3124 | D:3      | Found a burning altar of Makhleb.
  3132 | D:3      | Found a hide-covered altar of Uskayaw.
  3132 | D:3      | Found a shimmering altar of Xom.
  3446 | D:4      | Noticed a phantom
  3469 | D:4      | Killed a phantom
  3469 | D:4      | Reached skill level 5 in Fighting
  3469 | D:4      | Reached skill level 5 in Armour
  3469 | D:4      | Reached XP level 6. HP: 32/40 MP: 6/6
  3514 | D:4      | Found a staircase to the Ecumenical Temple.
  3522 | D:4      | You fall into a shaft and drop 2 floors!
  3653 | D:5      | Entered Level 5 of the Dungeon
  3861 | D:5      | Reached XP level 7. HP: 40/44 MP: 7/7
  4237 | Temple   | Entered the Ecumenical Temple
  4322 | Temple   | Became a worshipper of Warmaster Okawaru
  4726 | D:5      | Noticed Grinder
  4734 | D:5      | Killed Grinder
  4734 | D:5      | Reached * piety under Okawaru
  4734 | D:5      | Reached skill level 5 in Shields
  4734 | D:5      | Reached XP level 8. HP: 52/52 MP: 8/8
  5449 | D:6      | Reached skill level 1 in Dodging
  5462 | D:6      | Found Beisoti's Weapon Boutique.
  5486 | D:6      | Found Yjode's Magic Scroll Shoppe.
  5536 | D:6      | Mangled by an ice beast

Levels and vault maps discovered:
D:1:      erik_arrival_triangle_medium, layout_loops_ring, minmay_door_square
D:2:      layout_basic
D:3:      layout_basic, minmay_overflow_temple_hex
D:4:      layout_rooms, minmay_temple_entry_trees, chequers_hall_statues_wall_a
D:5:      layout_gridville, first_ration, minmay_manual_moon, uniq_grinder
D:6:      layout_loops_ring, serial_shops, nicolae_shop_window_shopping,
          kennysheep_mini_moat, nicolae_shop_statue_plus, nicolae_shop_stone,
          small_statue_intersection, corexii_shack, fedhas_altar_1, uniq_duvessa
Temple:   regret_index_temple_sphere_string

Skill      XL: |  1  2  3  4  5  6  7  8 |
---------------+-------------------------+-----
Fighting       | 4 5 6 7 |  7.6
Armour         | 4 5 6 7 |  7.5
Shields        | 4 5 |  5.7
Maces & Flails | 3 4 |  4.6
Dodging        | 1 |  1.4

Action                   |  1- 3 |  4- 6 |  7- 9 || total
-------------------------+-------+-------+-------++-------
Melee: Flail             |   178 |   178 |   187 ||   543
  Use: Scroll            |     6 |     5 |     3 ||    14
       Potion            |     2 |     1 |     6 ||     9
 Stab: Invisible         |       |       |     1 ||     1
  Eat: Chunk             |     4 |     6 |     6 ||    16
Armor: Scale mail        |    96 |   149 |   160 ||   405
Dodge: Dodged            |    55 |    67 |    80 ||   202
Block: Shield            |    94 |   103 |   206 ||   403
       Reflection        |       |       |     9 ||     9
